 Dungeon Crawl Stone Soup version 0.27-a0-1548-gf8a67e7463 (webtiles) character file.

Game seed: 18214937369630759463

1 elagabalus the Skirmisher (level 1, 15/20 HPs)
             Began as a Hill Orc Fighter on July 13, 2021.
             Quit the game on level 1 of the Dungeon.
             The game lasted 00:00:36 (85 turns).

elagabalus the Skirmisher (Hill Orc Fighter)          Turns: 85, Time: 00:00:37

Health: 15/20      AC:  6    Str: 18    XL:     1   Next: 20%
Magic:  1/1        EV:  7    Int:  8    God:
Gold:   0          SH:  9    Dex: 10    Spells: 0/0 levels left

rFire    . . .     SeeInvis .   a - +0 flail
rCold    . . .     Faith    .   c - +0 kite shield
rNeg     . . .     Spirit   .   b - +0 scale mail
rPois    .         Reflect  .   (no helmet)
rElec    .         Harm     .   (no cloak)
rCorr    .         Rampage  .   (no gloves)
Will     .....                  (no boots)
Stlth    ..........             (no amulet)
HPRegen  0.06/turn              (no ring)
MPRegen  0.07/turn              (no ring)

@: no status effects
A: no striking features
a: no special abilities


You were on level 1 of the Dungeon.
You visited 1 branch of the dungeon, and saw 1 of its levels.

Inventory:

Hand Weapons
 a - a +0 flail (weapon)
Missiles
 e - 17 stones (quivered)
Armour
 b - a +0 scale mail (worn)
 c - a +0 kite shield (worn)
Potions
 d - a potion of might
 f - a potion of resistance {unknown}


   Skills:
 + Level 3.7 Fighting
 + Level 2.2 Maces & Flails
 + Level 3.3 Armour
 + Level 3.3 Shields


You couldn't memorise any spells.
You didn't know any spells.
Your spell library was empty.

Dungeon Overview and Level Annotations

Branches:
Dungeon (1/15)

Altars:

Shops:
D:1 (


Message History

You closely miss the goblin. The goblin hits you but does no damage.
The goblin hits you with a +0 club.
You barely miss the goblin. The goblin hits you with a +0 club.
You hit the goblin.
The goblin is severely wounded.
The goblin hits you with a +0 club. The goblin hits you but does no damage.
You barely miss the goblin.
The goblin is severely wounded.
You block the goblin's attack.
You closely miss the goblin.
The goblin is severely wounded.
You block the goblin's attack. x2
You barely miss the goblin.
The goblin is severely wounded.
The goblin barely misses you.
You hit the goblin.
You kill the goblin!
Things that are here:
a +0 club; a goblin corpse A ball python comes into view.
The ball python hisses angrily.
Found 17 stones.
You hit the ball python.
The ball python is severely wounded.
You block the ball python's attack. The ball python grabs you.
The ball python constricts you.
The ball python bites you but does no damage.
The ball python constricts you.
You hit the ball python.
You kill the ball python!
You see here 17 stones.
e - 17 stones
Found Giumi's Weapon Boutique.
Found a fuming amethyst potion and 6 datura-tipped darts.
Found a war axe.
f - a fuming amethyst potion You see here 6 datura-tipped darts.
Found a leather armour.
You see here a +0 war axe.
Are you sure you want to abandon this character and quit the game? (Confirm with "yes".)

+##### .....#
.....#
.....##############
...........(....@.#
...............##.#
...∩.#########.# .#
......# #.# ..
......# #.# #.#
......#### #.# .#
.........# #.. [.
.........# ### ..
...##....#


There were no monsters in sight!

Vanquished Creatures
  A ball python (D:1)
  A goblin (D:1)
2 creatures vanquished.

Notes
Turn   | Place    | Note
-------+----------+-------------------------------------------
     0 | D:1      | elagabalus the Hill Orc Fighter began the quest for the
                  | Orb.
     0 | D:1      | Reached XP level 1. HP: 19/19 MP: 1/1
    58 | D:1      | Found Giumi's Weapon Boutique.
    85 | D:1      | Quit the game

Illustrated notes

Levels and vault maps discovered:
D:1:      ldierk_water_garden, layout_basic, serial_shops, shop,
          shapermc_ecumenical_altar_mp_highgroup

Action                   || total
-------------------------++-------
Melee: Flail             ||     9
Armor: Scale mail        ||     3
Dodge: Dodged            ||     1
Block: Kite shield       ||     4

Table legend: (Time is in decaauts)
 A = Elapsed time spent in this place.
 B = Non-inter-level travel time spent in this place.
 C = Inter-level travel time spent in this place.
 D = Time resting spent in this place.
 E = Time spent auto-exploring this place.
 F = Levels seen in this place.
 G = Mean time per level.
                   A        B        C        D        E       F      G
               +--------+--------+--------+--------+--------+-----+--------+
         Total |     90 |     24 |     66 |      0 |      0 |   1 |   90.0 |
       Dungeon |     90 |     24 |     66 |      0 |      0 |   1 |   90.0 |
               +--------+--------+--------+--------+--------+-----+--------+

Top non-repeatable levels by time:
     D:1: 90 daAuts
